MID
DAYTON DRAGONS @ GREENSBORO GRASSHOPPERS
06/10/2048
 
TOP OF THE 1ST
Dayton Dragons batting - Pitching for Greensboro Grasshoppers : RHP Pat Proctor
Pitching: RHP Pat Proctor
Batting: LHB Matt Kennedy 0-0: Foul Ball, location: 2F
0-1: Ball
1-1: Ball
2-1: Swinging Strike
2-2: Foul Ball, location: 2F
2-2: Foul Ball, location: 2F
2-2: Fly out, F7 (Flyball, 7, EV 86.2 MPH)
Batting: LHB Chris Redhead 0-0: Ground out U3 (Groundball, 34, EV 88.1 MPH)
Batting: RHB Andy Bachman 0-0: Called Strike
0-1: Foul Ball, location: 2F
0-2: Ground out 4-3 (Groundball, 4, EV 84.4 MPH)
Top of the 1st over - 0 runs, 0 hits, 0 errors, 0 left on base; Dayton 0 - Greensboro 0
BOTTOM OF THE 1ST
Greensboro Grasshoppers batting - Pitching for Dayton Dragons : LHP Juan Garcia
Pitching: LHP Juan Garcia
Batting: RHB Harrie de Kam 0-0: Ball
1-0: Ball
2-0: Ball
3-0: Called Strike
3-1: Ground out 6-3 (Groundball, 6MD, EV 91.2 MPH)
Batting: RHB Rafael Irizarry 0-0: Ball
1-0: Called Strike
1-1: Ball
2-1: Ground out 6-3 (Groundball, 6, EV 81.9 MPH)
Batting: RHB Nate Crofts 0-0: Swinging Strike
0-1: Ball
1-1: Ball
2-1: Foul Ball, location: 2F
2-2: Ground out 4-3 (Groundball, 34, EV 88.8 MPH)
Bottom of the 1st over - 0 runs, 0 hits, 0 errors, 0 left on base; Dayton 0 - Greensboro 0
TOP OF THE 2ND
Dayton Dragons batting - Pitching for Greensboro Grasshoppers : RHP Pat Proctor
Batting: RHB Chris Zamora 0-0: Called Strike
0-1: Called Strike
0-2: Strikes out looking
Batting: RHB Mark Williams 0-0: Foul Ball, location: 2F
0-1: Swinging Strike
0-2: Ball
1-2: SINGLE (Groundball, 5S, EV 66.9 MPH) (infield hit)
Batting: LHB Ray Walden 0-0: Ball
1-0: Swinging Strike
1-1: Ball
2-1: Foul Ball, location: 2F
2-2: Foul Ball, location: 2F
2-2: Strikes out looking
Batting: RHB Juan Zamora 0-0: Called Strike
Mark Williams is caught stealing 2nd base 2-4
Top of the 2nd over - 0 runs, 1 hit, 0 errors, 0 left on base; Dayton 0 - Greensboro 0
BOTTOM OF THE 2ND
Greensboro Grasshoppers batting - Pitching for Dayton Dragons : LHP Juan Garcia
Batting: LHB Ryan Karg 0-0: Called Strike
0-1: Ball
1-1: Called Strike
1-2: Fly out, F9 (Flyball, 9LS, EV 76.9 MPH)
Batting: RHB Dennis Coppolino 0-0: Called Strike
0-1: Foul Ball, location: 2F
0-2: Foul Ball, location: 2F
0-2: Strikes out looking
Batting: LHB Angelo Estrella 0-0: Foul Ball, location: 2F
0-1: Ball
1-1: Fly out, F7 (Line Drive, 7, EV 86.9 MPH)
Bottom of the 2nd over - 0 runs, 0 hits, 0 errors, 0 left on base; Dayton 0 - Greensboro 0
TOP OF THE 3RD
Dayton Dragons batting - Pitching for Greensboro Grasshoppers : RHP Pat Proctor
Batting: RHB Juan Zamora 0-0: Swinging Strike
0-1: Ball
1-1: Ground out 5-3 (Groundball, 56, EV 75.6 MPH)
Batting: RHB Ernie Maldonado 0-0: Ground out 6-3 (Groundball, 6M, EV 84.4 MPH)
Batting: LHB Gabe Morales 0-0: Ball
1-0: Fly out, F6 (Line Drive, 6, EV 70.0 MPH)
Top of the 3rd over - 0 runs, 0 hits, 0 errors, 0 left on base; Dayton 0 - Greensboro 0
BOTTOM OF THE 3RD
Greensboro Grasshoppers batting - Pitching for Dayton Dragons : LHP Juan Garcia
Batting: RHB Chris Alft 0-0: Ball
1-0: Called Strike
1-1: Ball
2-1: Swinging Strike
2-2: Ground out 4-3 (Groundball, 4, EV 108.1 MPH)
Batting: LHB Ryan Thompson 0-0: Foul Ball, location: 2F
0-1: Swinging Strike
0-2: SINGLE (Flyball, 7S, EV 90.6 MPH)
Batting: RHB Nick Dunton 0-0: Ball
1-0: Ball
2-0: SINGLE (Groundball, 4MD, EV 98.1 MPH)
Ryan Thompson to second
Batting: RHB Harrie de Kam 0-0: Foul Ball, location: 2F
0-1: Swinging Strike
0-2: Ball
1-2: Ball
2-2: Ball
3-2: Strikes out swinging
Batting: RHB Rafael Irizarry 0-0: Called Strike
0-1: Ball
1-1: Ground out 3-1 (Groundball, 34S, EV 91.2 MPH)
Bottom of the 3rd over - 0 runs, 2 hits, 0 errors, 2 left on base; Dayton 0 - Greensboro 0
TOP OF THE 4TH
Dayton Dragons batting - Pitching for Greensboro Grasshoppers : RHP Pat Proctor
Batting: LHB Matt Kennedy 0-0: Ball
1-0: Called Strike
1-1: Foul Ball, location: 2F
1-2: Ball
2-2: Foul Ball, location: 2F
2-2: Ball
3-2: Strikes out swinging
Batting: LHB Chris Redhead 0-0: Ball
1-0: Ground out 4-3 (Groundball, 4, EV 91.2 MPH)
Batting: RHB Andy Bachman 0-0: Called Strike
0-1: Ground out U3 (Groundball, 3S, EV 65.6 MPH)
Top of the 4th over - 0 runs, 0 hits, 0 errors, 0 left on base; Dayton 0 - Greensboro 0
BOTTOM OF THE 4TH
Greensboro Grasshoppers batting - Pitching for Dayton Dragons : LHP Juan Garcia
Batting: RHB Nate Crofts 0-0: Ball
1-0: Ball
2-0: Called Strike
2-1: Fly out, F8 (Flyball, 8RD, EV 90.6 MPH)
Batting: LHB Ryan Karg 0-0: Ball
1-0: TRIPLE (Flyball, 9LD, EV 106.9 MPH)
Batting: RHB Dennis Coppolino 0-0: Ball
1-0: Ground out 6-3 (Groundball, 56, EV 101.2 MPH)
Batting: LHB Angelo Estrella 0-0: Ball
1-0: Called Strike
1-1: Foul Ball, location: 2F
1-2: Strikes out swinging
Bottom of the 4th over - 0 runs, 1 hit, 0 errors, 1 left on base; Dayton 0 - Greensboro 0
TOP OF THE 5TH
Dayton Dragons batting - Pitching for Greensboro Grasshoppers : RHP Pat Proctor
Batting: RHB Chris Zamora 0-0: Ball
1-0: Swinging Strike
1-1: Ball
2-1: Swinging Strike
2-2: Ground out 6-3 (Groundball, 56, EV 83.8 MPH)
Batting: RHB Mark Williams 0-0: Foul Ball, location: 2F
0-1: SINGLE (Groundball, 6MD, EV 95.6 MPH)
Batting: LHB Ray Walden 0-0: Ball
1-0: Called Strike
1-1: Ball
2-1: Grounds out, U3 (Groundball, 3L, EV 78.8 MPH)
Batting: RHB Juan Zamora 0-0: Ground out 6-3 (Groundball, 6M, EV 104.4 MPH)
Top of the 5th over - 0 runs, 1 hit, 0 errors, 1 left on base; Dayton 0 - Greensboro 0
BOTTOM OF THE 5TH
Greensboro Grasshoppers batting - Pitching for Dayton Dragons : LHP Juan Garcia
Batting: RHB Chris Alft 0-0: Ball
1-0: Called Strike
1-1: Ball
2-1: Ball
3-1: Called Strike
3-2: Foul Ball, location: 2F
3-2: Strikes out swinging
Batting: LHB Ryan Thompson 0-0: Ball
1-0: Ball
2-0: Foul Ball, location: 2F
2-1: Called Strike
2-2: Strikes out swinging
Batting: RHB Nick Dunton 0-0: Ball
1-0: Ball
2-0: Foul Ball, location: 2F
2-1: Ball
3-1: DOUBLE (Groundball, 5L, EV 96.2 MPH)
Batting: RHB Harrie de Kam 0-0: Called Strike
0-1: Fly out, F8 (Flyball, 8LXD, EV 91.2 MPH)
Bottom of the 5th over - 0 runs, 1 hit, 0 errors, 1 left on base; Dayton 0 - Greensboro 0
TOP OF THE 6TH
Dayton Dragons batting - Pitching for Greensboro Grasshoppers : RHP Pat Proctor
Batting: RHB Ernie Maldonado 0-0: Ball
1-0: TRIPLE (Flyball, 78XD, EV 101.2 MPH)
Batting: LHB Gabe Morales 0-0: Fly out, F7 (Flyball, 7, EV 82.5 MPH)
Runner from 3rd tags up, SCORES, throw by LF
Batting: LHB Matt Kennedy 0-0: Called Strike
0-1: Foul Ball, location: 2F
0-2: Strikes out looking
Batting: LHB Chris Redhead 0-0: Ball
1-0: Ball
2-0: Ball
3-0: Fly out, F8 (Flyball, 78D, EV 96.2 MPH)
Top of the 6th over - 1 run, 1 hit, 0 errors, 0 left on base; Dayton 1 - Greensboro 0
BOTTOM OF THE 6TH
Greensboro Grasshoppers batting - Pitching for Dayton Dragons : LHP Juan Garcia
Batting: RHB Rafael Irizarry 0-0: Ball
1-0: Ball
2-0: Called Strike
2-1: DOUBLE (Line Drive, 89D, EV 104.4 MPH)
Batting: RHB Nate Crofts 0-0: Called Strike
0-1: Ground out 4-3 (Groundball, 4, EV 78.8 MPH)
Rafael Irizarry to third
Batting: LHB Ryan Karg 0-0: Ball
1-0: Foul Ball, location: 2F
1-1: Foul Ball, location: 2F
1-2: Foul Ball, location: 2F
1-2: Ball
2-2: Ground out 6-3 (Groundball, 4MS, EV 82.5 MPH)
Batting: RHB Dennis Coppolino 0-0: Swinging Strike
0-1: Called Strike
0-2: Ball
1-2: Foul Ball, location: 2F
1-2: Strikes out swinging
Bottom of the 6th over - 0 runs, 1 hit, 0 errors, 1 left on base; Dayton 1 - Greensboro 0
TOP OF THE 7TH
Dayton Dragons batting - Pitching for Greensboro Grasshoppers : RHP Pat Proctor
Batting: RHB Andy Bachman 0-0: Reached on error, E5 (Groundball, 56, EV 106.2 MPH)
Batting: RHB Chris Zamora 0-0: Ball
1-0: Swinging Strike
1-1: Called Strike
1-2: Strikes out swinging
Batting: RHB Mark Williams 0-0: Ball
1-0: Ground out 4-3 (Groundball, 4S, EV 66.2 MPH)
Andy Bachman to third
Batting: LHB Ray Walden 0-0: Called Strike
0-1: Ball
1-1: Foul Ball, location: 2F
1-2: Foul Ball, location: 2F
1-2: Strikes out swinging
Top of the 7th over - 0 runs, 0 hits, 1 error, 1 left on base; Dayton 1 - Greensboro 0
BOTTOM OF THE 7TH
Greensboro Grasshoppers batting - Pitching for Dayton Dragons : LHP Juan Garcia
Now at 1B: Yutaka Sato
Now at 2B: Jeremy Robertson
Now at SS: Juan Zamora
Batting: LHB Angelo Estrella 0-0: Foul Ball, location: 2F
0-1: Foul Ball, location: 2F
0-2: Strikes out swinging
Pitching: RHP Brian Trejo
Batting: RHB Chris Alft 0-0: Ball
1-0: Ball
2-0: Ball
3-0: Called Strike
3-1: Base on Balls
Batting: LHB Ryan Thompson 0-0: Ball
1-0: Ball
2-0: Foul Ball, location: 2F
2-1: Foul Ball, location: 2F
2-2: Ball
3-2: Strikes out looking
Batting: RHB Nick Dunton 0-0: Called Strike
0-1: Ball
1-1: Swinging Strike
1-2: Foul Ball, location: 2F
1-2: Fly out, F9 (Line Drive, 89M, EV 91.2 MPH)
Bottom of the 7th over - 0 runs, 0 hits, 0 errors, 1 left on base; Dayton 1 - Greensboro 0
TOP OF THE 8TH
Dayton Dragons batting - Pitching for Greensboro Grasshoppers : RHP Pat Proctor
Batting: RHB Juan Zamora 0-0: Ball
1-0: Fly out, F3 (Popup, 23F, EV 78.1 MPH)
Batting: RHB Ernie Maldonado 0-0: Ball
1-0: Called Strike
1-1: Ball
2-1: Ball
3-1: SINGLE (Groundball, 56, EV 103.1 MPH) (infield hit)
Pitching: RHP Joe Lynn
Batting: LHB Gabe Morales 0-0: Ball
1-0: Foul Ball, location: 2F
1-1: Foul Ball, location: 2F
1-2: Foul Ball, location: 2F
1-2: Foul Ball, location: 2F
1-2: Ball
2-2: Strikes out swinging
Batting: LHB Matt Kennedy 0-0: Ball
1-0: Ball
2-0: SINGLE (Groundball, 56D, EV 103.1 MPH)
Ernie Maldonado to second
Batting: LHB Chris Redhead 0-0: Ball
1-0: Ball
2-0: Ball
3-0: Base on Balls
Ernie Maldonado to third
Matt Kennedy to second
Batting: RHB Andy Bachman 0-0: Foul Ball, location: 2F
0-1: Ground out 4-3 (Groundball, 4, EV 94.4 MPH)
Top of the 8th over - 0 runs, 2 hits, 0 errors, 3 left on base; Dayton 1 - Greensboro 0
BOTTOM OF THE 8TH
Greensboro Grasshoppers batting - Pitching for Dayton Dragons : RHP Brian Trejo
Now in RF: Tim Kirk
Batting: RHB Harrie de Kam 0-0: Called Strike
0-1: Called Strike
0-2: Fly out, F9 (Flyball, 9S, EV 92.5 MPH)
Batting: RHB Rafael Irizarry 0-0: Foul Ball, location: 2F
0-1: Ball
1-1: Ball
2-1: Ball
3-1: Called Strike
3-2: Foul Ball, location: 2F
3-2: Foul Ball, location: 2F
3-2: Strikes out swinging
Batting: RHB Nate Crofts 0-0: Ball
1-0: Called Strike
1-1: Swinging Strike
1-2: Ground out 4-3 (Groundball, 4, EV 79.4 MPH)
Bottom of the 8th over - 0 runs, 0 hits, 0 errors, 0 left on base; Dayton 1 - Greensboro 0
TOP OF THE 9TH
Dayton Dragons batting - Pitching for Greensboro Grasshoppers : RHP Joe Lynn
Pitching: RHP Bill Padgett
Batting: RHB Chris Zamora 0-0: DOUBLE (Line Drive, 7LS, EV 104.4 MPH)
Batting: LHB Jeremy Robertson 0-0: Intentional Walk
Pinch Runner at 2nd Leo Gomez:
Batting: RHB Yutaka Sato 0-0: Ball
1-0: Foul Ball, location: 2F
1-1: Swinging Strike
1-2: Ball
2-2: Ball
3-2: Fielders Choice at 2nd, 3-6 (Groundball, 34, EV 110.6 MPH)
Leo Gomez to third
Batting: RHB Juan Zamora 0-0: Bunted foul
0-1: Foul Ball, location: 2F
0-2: Ball
1-2: SINGLE (Groundball, 34D, EV 108.8 MPH)
Leo Gomez scores
Yutaka Sato to second
Batting: RHB Ernie Maldonado 0-0: Ball
1-0: Swinging Strike
1-1: Ball
2-1: Ball
3-1: Called Strike
3-2: Foul Ball, location: 2F
3-2: Base on Balls
Yutaka Sato to third
Juan Zamora to second
Batting: LHB Gabe Morales 0-0: Ball
1-0: Ball
2-0: Called Strike
2-1: Ball
3-1: Base on Balls
Yutaka Sato scores
Juan Zamora to third
Ernie Maldonado to second
Batting: LHB Tim Kirk 0-0: Ball
1-0: Ball
2-0: TRIPLE (Line Drive, 78XD, EV 101.2 MPH)
Juan Zamora scores
Ernie Maldonado scores
Gabe Morales scores
Pitching: RHP Adam Brown
Batting: LHB Chris Redhead 0-0: Called Strike
0-1: Called Strike
0-2: Ground out 5-3 (Groundball, 56, EV 91.2 MPH)
Tim Kirk scores
Batting: RHB Andy Bachman 0-0: Ball
1-0: Foul Ball, location: 2F
1-1: Ball
2-1: SINGLE (Groundball, 56D, EV 99.4 MPH)
Batting: LHB Leo Gomez 0-0: Ball
1-0: Ball
2-0: Ball
Wild Pitch!
Andy Bachman to second
3-0: Called Strike
3-1: Swinging Strike
3-2: Base on Balls
Pinch Hitting: RHB Aaron Barraza 0-0: Swinging Strike
0-1: Ball
1-1: Called Strike
1-2: Ball
2-2: Foul Ball, location: 2F
2-2: Ball
3-2: SINGLE (Line Drive, 34D, EV 94.4 MPH)
Andy Bachman to third
Leo Gomez to second
Andy Bachman scores
Leo Gomez to third
Pinch Hitting: RHB Travis Petrick 0-0: Called Strike
0-1: Foul Ball, location: 2F
0-2: Fly out, F7 (Flyball, 7D, EV 101.2 MPH)
Top of the 9th over - 7 runs, 5 hits, 0 errors, 2 left on base; Dayton 8 - Greensboro 0
BOTTOM OF THE 9TH
Greensboro Grasshoppers batting - Pitching for Dayton Dragons : RHP Brian Trejo
Now at 1B: Leo Gomez
Now at 2B: Aaron Barraza
Now at 3B: Travis Petrick
Batting: LHB Ryan Karg 0-0: Foul Ball, location: 2F
0-1: Ball
1-1: Ball
2-1: Ball
3-1: Fly out, F9 (Flyball, 9LM, EV 102.5 MPH)
Batting: RHB Dennis Coppolino 0-0: Called Strike
0-1: Ball
1-1: Swinging Strike
1-2: SINGLE (Line Drive, 89S, EV 95.6 MPH)
Pitching: RHP Ken Armstrong
Batting: LHB Angelo Estrella 0-0: Called Strike
0-1: DOUBLE (Line Drive, 78D, EV 106.2 MPH)
Dennis Coppolino to third
Batting: RHB Chris Alft 0-0: Ball
1-0: Ball
2-0: Swinging Strike
2-1: Swinging Strike
2-2: Foul Ball, location: 2F
2-2: Strikes out swinging
Batting: LHB Ryan Thompson 0-0: Called Strike
0-1: Ball
1-1: Fly out, F9 (Line Drive, 9S, EV 90.0 MPH)
Bottom of the 9th over - 0 runs, 2 hits, 0 errors, 2 left on base; Dayton 8 - Greensboro 0
Tuesday, March 28th , 2023 - OOTP Baseball 23.10 Build 110